 Dungeon Crawl Stone Soup version 0.29.1-15-g9cfb28693d (webtiles) character file.

Game seed: 9285753532357836741

103076 CrazyMind the Thaumaturge (level 16, -3/116 (125) HPs)
             Began as a Gnoll Conjurer on Apr 7, 2023.
             Was an Initiate of Gozag.
             Slain by a bunyip (20 damage)
             ... on level 1 of the Swamp on Apr 8, 2023.
             The game lasted 03:51:03 (35050 turns).

CrazyMind the Thaumaturge (Gnoll Conjurer)         Turns: 35050, Time: 03:51:05

HP:   -3/116 (125)  AC: 11    Str:  6    XL:     16   Next: 35%
MP:   11/32         EV: 13    Int: 27    God:    Gozag
Gold: 6803          SH: 10    Dex: 14    Spells: 9/39 levels left

rFire   + + .      SeeInvis .   G - +6 short sword of Bugo {spect, Int+4}
rCold   . . .      Faith    .   J - +3 buckler
rNeg    . . .      Spirit   .   p - +0 swamp dragon scales
rPois   +          Reflect  .   s - +2 helmet
rElec   .          Harm     .   (no cloak)
rCorr   .          Rampage  .   u - +0 pair of gloves
Will    +....                   (no boots)
Stlth   ++++......              k - amulet of the acrobat
HPRegen 0.29/turn               l - ring of protection from fire
MPRegen 0.23/turn               T - ring of protection from fire

@: corroded, gold aura, very slightly contaminated, drained
A: fangs 1, strong nose, distributed training
a: Renounce Religion, Potion Petition, Call Merchant, Bribe Branch


You were on level 1 of the Swamp.
You worshipped Gozag.
Gozag was greatly pleased with you.
You visited 5 branches of the dungeon, and saw 25 of its levels.
You also visited: Gauntlet.

You collected 8133 gold pieces.
You spent 690 gold pieces at shops.
You paid 640 gold pieces to Gozag.

Inventory:

Hand Weapons
 y - a +1 short sword of distortion
 G - the +6 short sword of Bugo (weapon) {spect, Int+4}
   (You found it on level 12 of the Dungeon)

   When its wielder attacks, the weapon's spirit leaps out and strikes again.
   The spirit shares a part of any damage it takes with its wielder.
   Int:       It affects your intelligence (+4).
Missiles
 i - 50 poisoned darts
 t - a silver boomerang
 z - 4 atropa-tipped darts
 F - 8 boomerangs (quivered)
 H - 3 throwing nets
 L - 17 javelins
 U - 3 curare-tipped darts
Armour
 p - +0 swamp dragon scales (worn)
 s - a +2 helmet (worn)
 u - a +0 pair of gloves (worn)
 J - a +3 buckler (worn)
Jewellery
 e - a ring of positive energy
 h - a +6 ring of intelligence
 k - an amulet of the acrobat (around neck)
 l - a ring of protection from fire (left hand)
 w - a ring of resist corrosion
 x - a ring of willpower
 A - a ring of flight
 B - a +6 ring of intelligence
 E - a ring of ice
 I - a ring of protection from cold
 T - a ring of protection from fire (right hand)
Wands
 m - a wand of polymorph (8)
 v - a wand of mindburst (8)
 K - a wand of digging (9)
 N - a wand of charming (19)
 O - a wand of flame (9)
Scrolls
 c - 8 scrolls of fear
 g - 2 scrolls of butterflies
 j - a scroll of poison
 n - 8 scrolls of blinking
 q - 14 scrolls of teleportation
 P - a scroll of silence
 R - 5 scrolls of magic mapping
Potions
 a - a potion of might
 b - 4 potions of magic
 d - 2 potions of invisibility
 f - 3 potions of brilliance
 o - 2 potions of cancellation
 r - 2 potions of berserk rage
 C - 8 potions of curing
 M - 3 potions of ambrosia
 Q - 4 potions of heal wounds
 W - 2 potions of flight
 X - 3 potions of mutation
 Y - a potion of haste
Miscellaneous
 S - a lightning rod (4/4)


   Skills:
 + Level 11.2 Fighting
 + Level 11.2 Short Blades
 + Level 11.2 Long Blades
 + Level 11.2 Axes
 + Level 11.2 Maces & Flails
 + Level 11.2 Polearms
 + Level 11.2 Staves
 + Level 11.2 Ranged Weapons
 + Level 11.2 Throwing
 + Level 11.2 Armour
 + Level 12.1 Dodging
 + Level 11.9 Stealth
 + Level 11.2 Shields
 + Level 11.2 Unarmed Combat
 + Level 12.2 Spellcasting
 + Level 11.8 Conjurations
 + Level 9.4 Hexes
 + Level 9.4 Summonings
 + Level 9.4 Necromancy
 + Level 9.4 Translocations
 + Level 9.4 Transmutations
 + Level 9.4 Fire Magic
 + Level 9.4 Ice Magic
 + Level 9.4 Air Magic
 + Level 9.4 Earth Magic
 + Level 9.4 Poison Magic
 + Level 12.2 Invocations
 + Level 11.2 Evocations


You had 9 spell levels left.
You knew the following spells:

 Your Spells              Type           Power      Damage    Failure   Level
a - Magic Dart            Conj           100%       1d8       1%          1
b - Searing Ray           Conj           100%       2d8       1%          2
c - Dazzling Flash        Conj/Hex       100%       N/A       1%          3
d - Iskenderun's Mystic   Conj/Tloc      65%        2d13      1%          4
e - Mephitic Cloud        Conj/Pois/Air  64%        N/A       1%          3
f - Fulminant Prism       Conj/Hex       32%        3d16      1%          4
g - Ignite Poison         Fire/Tmut/Pois 61%        N/A       1%          3
h - Passwall              Tmut/Erth      50%        N/A       1%          2
i - Tukima's Dance        Hex            61%        N/A       1%          3
j - Yara's Violent Unrav  Hex/Tmut       30%        3d13      7%          5

Your spell library contained the following spells:

 Spells                   Type           Power      Damage    Failure   Level
 Apportation              Tloc           100%       N/A       1%          1
 Foxfire                  Conj/Fire      100%       2x1d9     1%          1
 Necrotise                Necr           100%       1d9       1%          1
 Summon Small Mammal      Summ           100%       N/A       1%          1
 Confusing Touch          Hex            61%        N/A       1%          3
 Gell's Gravitas          Tloc           61%        N/A       1%          3
 Lesser Beckoning         Tloc           61%        N/A       1%          3
 Portal Projectile        Hex/Tloc       100%       N/A       1%          3
 Stone Arrow              Conj/Erth      100%       3d13      1%          3
 Teleport Other           Tloc           61%        N/A       1%          3
 Vampiric Draining        Necr           61%        2d10      1%          3
 Flame Wave               Conj/Fire      65%        2d15      1%          4
 Sticky Flame             Conj/Fire      65%        2d8       1%          4
 Animate Armour           Summ/Erth      100%       N/A       2%          4
 Ice Form                 Ice/Tmut       61%        N/A       2%          4
 Petrify                  Tmut/Erth      61%        N/A       2%          4
 Summon Ice Beast         Ice/Summ       61%        N/A       2%          4
 Freezing Cloud           Conj/Ice/Air   32%        6-21      4%          5
 Agony                    Necr           61%        N/A       7%          5
 Blade Hands              Tmut           30%        N/A       7%          5
 Metabolic Englaciation   Hex/Ice        30%        N/A       7%          5
 Silence                  Hex/Air        30%        N/A       7%          5
 Conjure Ball Lightning   Conj/Air       32%        3x3d10    22%         6
 Iron Shot                Conj/Erth      32%        9d7       22%         6
 Starburst                Conj/Fire      32%        6d10      22%         6
 Enfeeble                 Hex            30%        N/A       90%         7
 Lehudib's Crystal Spear  Conj/Erth      32%        10d8      100%        8
 Necromutation            Tmut/Necr      30%        N/A       100%        8
 Fire Storm               Conj/Fire      32%        8d8       100%        9


Dungeon Overview and Level Annotations

Branches:
Dungeon (15/15)            Temple (1/1) D:6            Lair (5/5) D:10
  Swamp (2/4) Lair:2       Spider (0/4) Lair:2        Slime (0/5) Lair:5
    Orc (2/2) D:11            Elf (0/3) Orc:2        Vaults (0/5) D:13
 Depths (0/4) D:15        Gauntlet (visited)

Altars:
Ashenzari
Cheibriados
Dithmenos
Elyvilon
Fedhas
Gozag
Hepliaklqana
Kikubaaqudgha
Makhleb
Nemelex Xobeh
Okawaru
Qazlal
Ru
Sif Muna
Trog
Uskayaw
Vehumet
Wu Jian
Xom
Yredelemnul
Zin
The Shining One
Jiyva

Shops:
D:7 :   D:12 ***[   D:14 (   Orc:1 *([*=   Orc:2 **(!

Portals:
Trove: D:13 (give 2 scrolls of acquirement)

Annotations:
D:10 1 runed translucent door, exclusion: door
D:14 3 runed translucent doors, exclusion: 3 doors, Sensen's ghost, journeyman MiBe


Innate Abilities, Weirdness & Mutations

You have very sharp teeth.
Your uncanny sense of smell can sniff out nearby items.
Your experience applies equally to all skills.


Message History

The bunyip is moderately wounded.
The bunyip is knocked back by the mystic blast.
Casting: Iskenderun's Mystic Blast (mildly dangerous; 1% risk of failure)
Confirm with . or Enter, or press ? or * to list all spells.
Okay, then.
Unknown command.
Unknown command.
Unknown command.
Casting: Iskenderun's Mystic Blast (mildly dangerous; 1% risk of failure)
Confirm with . or Enter, or press ? or * to list all spells.
Aiming: Yara's Violent Unravelling (dangerous; 7% risk of failure)
Press: ? - help, Dir - move target, f - you
Okay, then.
Unknown command.
Casting: Yara's Violent Unravelling (dangerous; 7% risk of failure)
Confirm with . or Enter, or press ? or * to list all spells.
Aiming: Fulminant Prism (mildly dangerous; 1% risk of failure)
Press: ? - help, Dir - move target You conjure a prism of explosive energy!
A fulminant prism comes into view.
Casting: Fulminant Prism (mildly dangerous; 1% risk of failure)
Confirm with . or Enter, or press ? or * to list all spells.
Aiming: Fulminant Prism (mildly dangerous; 1% risk of failure)
Press: ? - help, Dir - move target You conjure a prism of explosive energy!
A fulminant prism comes into view.
Your fulminant prism crackles loudly.
Your fulminant prism explodes!
The blast of energy engulfs the bunyip!
The bunyip is heavily wounded.
Your fulminant prism crackles loudly.
Casting: Fulminant Prism (mildly dangerous; 1% risk of failure)
Confirm with . or Enter, or press ? or * to list all spells.
You miscast Iskenderun's Mystic Blast.
You are very lightly contaminated with residual magic.
Nothing appears to happen.
The bunyip claws you!!
* * * LOW HITPOINT WARNING * * *
The bunyip claws you!!
You die...
Your body crumbles into a pile of gold.

§.~..♣~....~♣~♣~..~....~..♣♣♣♣♣♣♣
~~.....~~~....~..~~.♣♣.~...♣♣♣~~♣
~.♣~..~~§~§~..~...~.♣♣.~....♣....
~.......)~~~.~~♣~.♣♣♣♣...~....~~~
.~.~~....~~~..♣♣♣~~♣ ♣♣♣♣.~.~~.~~
..~~..~~..§§~..♣♣♣♣♣ ♣.~~~~.~~
..~......~~~~~>..♣ ♣♣.~~....
~..~..§~~~~~~~~.~♣ ♣♣♣♣♣♣♣.....
~..~~.~~~~~~~~§x@♣♣ ♣..♣♣♣♣~.~..
♣♣.~..~~§~~.~~~~..♣♣ ♣~...>~.....
♣♣♣♣..~~§~...*~~~.~♣ ♣..~....~..~
~~♣♣..~~~.~.~.~~~.~♣ ♣......~.§~.
.♣♣♣♣.......♣♣.~~.♣♣♣♣♣.~§~~..~~~
.♣♣♣~..~..♣♣♣♣♣♣~...~♣~.~§~~...~~
.♣.......~~.♣~.~.....♣~......~♣♣~
.....~~~~~~.....~~.~♣♣♣♣~♣♣♣♣♣♣♣♣
..~..~~.~~~.~~~~~~~.♣ ♣♣♣♣.♣♣♣♣♣


You could see a bunyip (ally target) and a friendly fulminant prism.

Vanquished Creatures
  Kirke (Lair:3)
  An orc warlord (Orc:1)
  Nessos (D:12)
  A minotaur (Gauntlet)
  A bunyip (Swamp:1)
  A fire dragon (D:15)
  6 boulder beetles
  A vault guard (D:13)
  Harold (D:11)
  A hell beast (Gauntlet)
  5 hydras
  2 ghost crabs (Swamp:1)
  Fannar (Lair:3)
  4 centaur warriors
  2 ogre magi
  An alligator (Swamp:1)
  3 catoblepae
  5 two-headed ogres
  4 death yaks (Lair:5)
  An orc high priest (Orc:2)
  Urug (Lair:3)
  Sonja (D:11)
  2 goliath frogs
  2 skeletal warriors (D:15)
  A swamp dragon (Swamp:1)
  A flayed ghost (D:15)
  2 tengu zombies (D:15)
  7 orc knights
  A deep elf pyromancer (D:15)
  Pikel (D:6)
  4 necromancers
  A wizard (D:12)
  A shadow dragon zombie (D:15)
  3 deep elf zephyrmancers (D:12)
  6 orc sorcerers
  9 ugly things
  4 cyclopes
  A rust devil (D:14)
  A frost giant skeleton (D:15)
  15 elephants
  2 will-o-the-wisps
  3 black mambas
  An apocalypse crab (Gauntlet)
  Joseph (D:7)
  3 orange demons (D:15)
  Maggie (Lair:1)
  7 cane toads
  A gargoyle (D:7)
  3 unseen horrors
  7 komodo dragons
  2 kobold demonologists
  A torpor snail (Lair:5)
  2 ice devils (D:15)
  A komodo dragon (shapeshifter) (D:14)
  6 trolls
  5 polar bears
  9 hornets
  4 tyrant leeches
  4 saltlings (Orc:2)
  2 dancing weapons
  17 blink frogs
  4 slime creatures (D:12)
  3 dream sheep (Lair:5)
  4 shadows
  A ynoxinul (D:15)
  2 vampires
  3 wraiths
  Sigmund (D:6)
  A centaur simulacrum (D:15)
  45 yaks
  5 wyverns
  3 basilisks
  4 hogs (Lair:3)
  15 spriggans
  2 humans (Lair:3)
  2 vampire mosquitoes (D:15)
  2 neqoxecs (D:15)
  A redback (Lair:2)
  4 steam dragons
  4 wargs
  14 water moccasins
  3 swamp worms (Swamp:1)
  A hell hound (Gauntlet)
  An ice beast (D:7)
  2 black bears (Lair:5)
  2 swamp drakes (Swamp:1)
  Pargi (D:4)
  26 orc warriors
  2 boggarts
  6 ogres
  27 wolves
  4 centaurs
  2 phantoms
  2 lemures (D:6)
  3 kobold brigands
  3 gnoll sergeants
  2 necrophages
  12 bullfrogs
  A scorpion (D:6)
  13 wights
  A troll zombie (D:11)
  24 killer bees
  5 howler monkeys
  2 hounds
  2 jellies
  8 orc priests
  A gnoll bouda (D:10)
  2 iguanas (D:7)
  30 orc wizards
  7 ogre zombies (D:11)
  Robin (D:3)
  15 gnolls
  8 adders
  3 white imps
  An ufetubus (D:5)
  2 worms (D:2)
  A worm (shapeshifter) (D:14)
  4 dart slugs
  72 orcs
  3 bats
  12 endoplasms
  5 giant cockroaches
  10 hobgoblins
  7 jackals
  19 kobolds
  2 quokkas (D:2)
  6 ball pythons
  2 frilled lizards (D:2)
  8 goblins
  A goblin skeleton (D:11)
  A goblin zombie (D:11)
  2 hobgoblin skeletons (D:11)
  6 hobgoblin zombies (D:11)
  2 orc skeletons (D:11)
  13 orc zombies (D:11)
  5 rats
  A spectral orc (D:4)
  A fulminant prism (Lair:5)
  3 pillars of salt (Orc:2)
720 creatures vanquished.

Vanquished Creatures (collateral kills)
  3 two-headed ogres
  A cyclops (D:13)
  An elephant (Lair:5)
  2 dream sheep (Lair:5)
  2 yaks (Lair:5)
  2 vampire mosquitoes (D:15)
  3 ogres
  A centaur (D:13)
  An orc wizard (Orc:1)
  An endoplasm (Lair:5)
17 creatures vanquished.

Vanquished Creatures (others)
  A black mamba (Lair:5)
  2 dancing weapons
  4 demonic plants (D:15)
  16 foxfires
  102 fulminant prisms
  59 fungi
  5 pillars of salt (Orc:2)
  82 plants
  22 withered plants
293 creatures vanquished.

Grand Total: 1030 creatures vanquished

Notes
Turn   | Place    | Note
-------+----------+-------------------------------------------
     0 | D:1      | CrazyMind the Gnoll Conjurer began the quest for the Orb.
     0 | D:1      | Reached XP level 1. HP: 13/13 MP: 6/6
   214 | D:1      | Reached XP level 2. HP: 12/19 MP: 4/7
   218 | D:1      | Learned a level 2 spell: Searing Ray
   504 | D:1      | Reached skill level 5 in Spellcasting
   504 | D:1      | Reached XP level 3. HP: 25/25 MP: 4/9
   789 | D:1      | Learned a level 3 spell: Dazzling Flash
   987 | D:1      | Reached skill level 1 in Invocations
  1034 | D:1      | Found a faded altar of an unknown god.
  1150 | D:2      | Reached skill level 1 in Fighting
  1150 | D:2      | Reached skill level 1 in Short Blades
  1150 | D:2      | Reached skill level 1 in Long Blades
  1150 | D:2      | Reached skill level 1 in Axes
  1150 | D:2      | Reached skill level 1 in Maces & Flails
  1150 | D:2      | Reached skill level 1 in Polearms
  1150 | D:2      | Reached skill level 1 in Staves
  1150 | D:2      | Reached skill level 1 in Ranged Weapons
  1150 | D:2      | Reached skill level 1 in Throwing
  1150 | D:2      | Reached skill level 1 in Armour
  1150 | D:2      | Reached skill level 1 in Shields
  1150 | D:2      | Reached skill level 1 in Unarmed Combat
  1150 | D:2      | Reached skill level 1 in Evocations
  1337 | D:2      | Reached XP level 4. HP: 32/32 MP: 3/11
  1798 | D:2      | Reached skill level 1 in Hexes
  1798 | D:2      | Reached skill level 1 in Summonings
  1798 | D:2      | Reached skill level 1 in Necromancy
  1798 | D:2      | Reached skill level 1 in Translocations
  1798 | D:2      | Reached skill level 1 in Transmutations
  1798 | D:2      | Reached skill level 1 in Fire Magic
  1798 | D:2      | Reached skill level 1 in Ice Magic
  1798 | D:2      | Reached skill level 1 in Air Magic
  1798 | D:2      | Reached skill level 1 in Earth Magic
  1798 | D:2      | Reached skill level 1 in Poison Magic
  2384 | D:3      | Noticed a centaur
  2388 | D:3      | Killed a centaur
  2389 | D:3      | Reached XP level 5. HP: 37/37 MP: 9/12
  2585 | D:3      | Noticed Robin
  2603 | D:3      | Killed Robin
  3287 | D:4      | Reached XP level 6. HP: 43/43 MP: 10/13
  3450 | D:4      | Noticed Pargi
  3457 | D:4      | Killed Pargi
  3458 | D:4      | Reached skill level 5 in Dodging
  3677 | D:4      | Identified the +7 quarterstaff of Utec {spect, rN+}
  3719 | D:4      | Found a basalt altar of Yredelemnul.
  3804 | D:5      | Entered Level 5 of the Dungeon
  4105 | D:5      | Reached XP level 7. HP: 50/50 MP: 12/15
  4182 | D:5      | Learned a level 3 spell: Mephitic Cloud
  4715 | D:6      | Noticed Sigmund
  4775 | D:6      | Found a staircase to the Ecumenical Temple.
  4782 | D:6      | Noticed a steam dragon
  4794 | D:6      | Reached skill level 5 in Stealth
  5054 | D:6      | Reached XP level 8. HP: 58/58 MP: 8/16
  5185 | Temple   | Entered the Ecumenical Temple
  5224 | Temple   | Became a worshipper of Gozag Ym Sagoz the Greedy
  5628 | D:6      | Killed Sigmund
  5789 | D:6      | Learned a level 3 spell: Ignite Poison
  6014 | D:6      | Noticed Pikel
  6020 | D:6      | Killed Pikel
  6021 | D:6      | Reached XP level 9. HP: 65/65 MP: 5/18
  6288 | D:7      | Noticed Joseph
  6538 | D:7      | Killed Joseph
  6553 | D:7      | Learned a level 4 spell: Iskenderun's Mystic Blast
  6558 | D:7      | Learned a level 4 spell: Fulminant Prism
  6637 | D:7      | Reached skill level 5 in Invocations
  6785 | D:7      | Found Kizaguni's Book Shoppe.
  7193 | D:7      | Noticed a gargoyle
  7203 | D:7      | Killed a gargoyle
  7853 | D:8      | Reached skill level 5 in Fighting
  7853 | D:8      | Reached skill level 5 in Short Blades
  7853 | D:8      | Reached skill level 5 in Long Blades
  7853 | D:8      | Reached skill level 5 in Axes
  7853 | D:8      | Reached skill level 5 in Maces & Flails
  7853 | D:8      | Reached skill level 5 in Polearms
  7853 | D:8      | Reached skill level 5 in Staves
  7853 | D:8      | Reached skill level 5 in Ranged Weapons
  7853 | D:8      | Reached skill level 5 in Throwing
  7853 | D:8      | Reached skill level 5 in Armour
  7853 | D:8      | Reached skill level 5 in Shields
  7853 | D:8      | Reached skill level 5 in Unarmed Combat
  7853 | D:8      | Reached skill level 5 in Evocations
  7853 | D:8      | Reached XP level 10. HP: 74/74 MP: 15/20
  7966 | D:8      | Found a burning altar of Makhleb.
  9191 | D:9      | Found an iron altar of Okawaru.
  9318 | D:9      | Paralysed by a hornet for 3 turns
  9325 | D:9      | Reached skill level 5 in Hexes
  9325 | D:9      | Reached skill level 5 in Summonings
  9325 | D:9      | Reached skill level 5 in Necromancy
  9325 | D:9      | Reached skill level 5 in Translocations
  9325 | D:9      | Reached skill level 5 in Transmutations
  9325 | D:9      | Reached skill level 5 in Fire Magic
  9325 | D:9      | Reached skill level 5 in Ice Magic
  9325 | D:9      | Reached skill level 5 in Air Magic
  9325 | D:9      | Reached skill level 5 in Earth Magic
  9325 | D:9      | Reached skill level 5 in Poison Magic
  9325 | D:9      | Reached XP level 11. HP: 68/81 MP: 16/22
 10412 | D:10     | Entered Level 10 of the Dungeon
 10546 | D:10     | Found a staircase to the Lair.
 10912 | D:10     | Found a runed translucent door.
 10919 | D:10     | Noticed a cyclops
 10919 | D:10     | Noticed a boulder beetle
 11459 | Lair:1   | Entered Level 1 of the Lair of Beasts
 11663 | Lair:1   | Noticed Maggie
 11686 | Lair:1   | Killed Maggie
 12131 | Lair:1   | Identified the +4 ring mail of Devotion {+Blink Int+4}
 12622 | Lair:1   | Reached XP level 12. HP: 81/91 MP: 14/24
 12830 | Lair:2   | Noticed a catoblepas
 13600 | Lair:2   | Found a staircase to the Swamp.
 13945 | Lair:2   | Noticed a catoblepas
 13955 | Lair:2   | Killed a catoblepas
 14190 | Lair:2   | Found a hole to the Spider Nest.
 14862 | Lair:2   | Killed a catoblepas
 15459 | Lair:3   | Noticed Urug
 15736 | Lair:3   | Identified the +3 leather armour of Recklessness {Harm
                  | Rampage Dex-3 Stlth+}
 15907 | Lair:3   | Noticed Kirke
 16086 | Lair:3   | Noticed Fannar
 16178 | D:11     | Noticed Sonja
 16268 | Lair:3   | Killed Fannar
 16645 | Lair:3   | Noticed a catoblepas
 16654 | Lair:3   | Killed a catoblepas
 16655 | Lair:3   | Reached XP level 13. HP: 98/98 MP: 17/26
 16801 | Lair:3   | Reached skill level 10 in Conjurations
 16822 | Lair:3   | Killed Kirke
 17396 | Lair:3   | Killed Urug
 17787 | Lair:4   | Reached skill level 10 in Spellcasting
 18877 | Lair:5   | Entered Level 5 of the Lair of Beasts
 18885 | Lair:5   | Found a gate leading to a gauntlet.
 18907 | Lair:5   | Reached skill level 10 in Dodging
 18963 | Lair:5   | Reached skill level 10 in Stealth
 19030 | Gauntlet | Entered a Gauntlet
 19030 | Gauntlet | Found a transporter.
 19030 | Gauntlet | Found a transporter.
 19031 | Gauntlet | Found a transporter.
 19033 | Gauntlet | Found a transporter.
 19044 | Gauntlet | Found a transporter.
 19046 | Gauntlet | Found a transporter.
 19052 | Gauntlet | Found a transporter.
 19078 | Gauntlet | Found a transporter.
 19089 | Gauntlet | Found a transporter.
 19114 | Gauntlet | Found a transporter.
 19174 | Gauntlet | Found a transporter.
 19186 | Gauntlet | Found a transporter.
 19461 | Gauntlet | Identified the +3 leather armour of Pathos {rC- rCorr
                  | Int+4}
 19561 | Gauntlet | Identified the +0 cloak "Eskor" {Harm Rampage Stlth+}
 19582 | Gauntlet | Noticed a minotaur
 19597 | Gauntlet | Killed a minotaur
 19839 | Lair:5   | Found a viscous altar of Jiyva.
 19866 | Lair:5   | Reached XP level 14. HP: 108/108 MP: 28/28
 19870 | Lair:5   | Found a staircase to the Slime Pits.
 19875 | Lair:5   | Reached skill level 10 in Invocations
 21562 | Lair:5   | Identified the +9 spear "Roxkebif" {vorpal, MP+9 Int+2}
 22411 | D:11     | Noticed Harold
 22433 | D:11     | Killed Harold
 22731 | D:11     | Killed Sonja
 22829 | D:11     | Found a staircase to the Orcish Mines.
 23000 | D:11     | Found a shadowy altar of Dithmenos.
 23270 | D:12     | Got the Compilation of Plaster Cramp
 23282 | D:12     | Got the Codex of Axaxaxas mlö
 23330 | D:12     | Got the Catalogue of Dhcmrlchtdj
 23529 | D:12     | Identified the +6 short sword of Bugo {spect, Int+4}
 23698 | D:12     | Noticed Nessos
 23704 | D:12     | Learned a level 2 spell: Passwall
 23708 | D:12     | Learned a level 3 spell: Tukima's Dance
 23716 | D:12     | Killed Nessos
 23720 | D:12     | Found Feupn's Assorted Antiques.
 23971 | D:12     | Found Esueneuv's Antique Armour Shop.
 24009 | D:12     | Found Getyjeso's Assorted Antiques.
 24034 | D:12     | Found Ranissikh's Assorted Antiques.
 24305 | D:13     | Reached skill level 10 in Fighting
 24305 | D:13     | Reached skill level 10 in Short Blades
 24305 | D:13     | Reached skill level 10 in Long Blades
 24305 | D:13     | Reached skill level 10 in Axes
 24305 | D:13     | Reached skill level 10 in Maces & Flails
 24305 | D:13     | Reached skill level 10 in Polearms
 24305 | D:13     | Reached skill level 10 in Staves
 24305 | D:13     | Reached skill level 10 in Ranged Weapons
 24305 | D:13     | Reached skill level 10 in Throwing
 24305 | D:13     | Reached skill level 10 in Armour
 24305 | D:13     | Reached skill level 10 in Shields
 24305 | D:13     | Reached skill level 10 in Unarmed Combat
 24305 | D:13     | Reached skill level 10 in Evocations
 24357 | D:13     | Reached XP level 15. HP: 92/115 MP: 4/30
 24615 | D:13     | Found a gate to the Vaults.
 25213 | D:13     | Found a portal to a secret trove of treasure.
 25963 | D:14     | Found a runed translucent gate.
 25963 | D:14     | Noticed Sensen's ghost (journeyman MiBe)
 25964 | D:14     | Found a runed translucent gate.
 25964 | D:14     | Noticed a storm dragon
 25968 | D:14     | Found a runed translucent gate.
 25978 | D:14     | Found Uphacs's Antique Weapon Boutique.
 26342 | D:14     | Found a stormy altar of Qazlal.
 26772 | D:15     | Entered Level 15 of the Dungeon
 27197 | D:15     | Identified the +6 sling "Waelaplu" {flame, rPois rN+ Str-3}
 27960 | D:15     | Found a staircase to the Depths.
 28897 | Orc:1    | Entered Level 1 of the Orcish Mines
 28897 | Orc:1    | Found Ampulan's General Store.
 28898 | Orc:1    | Found Ledwiwa's Jewellery Shoppe.
 29057 | Orc:1    | Found Nass's Antique Weapon Emporium.
 29155 | Orc:1    | Found Sapad's Assorted Antiques.
 29394 | Orc:1    | Found Livenex's Armour Boutique.
 29529 | Orc:1    | Noticed an orc warlord
 29720 | Orc:1    | Killed an orc warlord
 30742 | Orc:2    | Entered Level 2 of the Orcish Mines
 30742 | Orc:2    | Found a staircase to the Elven Halls.
 31522 | Orc:2    | Reached XP level 16. HP: 70/124 MP: 29/32
 31528 | Orc:2    | Learned a level 5 spell: Yara's Violent Unravelling
 32119 | Orc:2    | Found Awanotzi's Weapon Shop.
 32121 | Orc:2    | Found Kerr's Distillery.
 32149 | Orc:2    | Bought a potion of haste for 150 gold pieces
 32167 | Orc:2    | Found Caadiebb's General Store.
 32196 | Orc:2    | Found Mariul's Assorted Antiques.
 32438 | Swamp:1  | Entered Level 1 of the Swamp
 33408 | D:7      | Bought a book of Iron for 540 gold pieces
 33884 | Swamp:1  | Identified a scroll of acquirement
 33893 | Swamp:1  | Acquired Sif Muna's Precepts of the Gelid Impact
 35050 | Swamp:1  | Slain by a bunyip

Illustrated notes

Levels and vault maps discovered:
D:1:      dpeg_arrival_short_road, layout_loops_ring,
          shapermc_ecumenical_altar_mp_urbaneastern
D:2:      layout_loops_cross, minmay_statues_item
D:3:      layout_loops_ring, serial_glass, glass_columns_a, glass_columns_a,
          feat_on_display, feat_on_display, item_on_display_a, uniq_robin
D:4:      layout_gridville, yredelemnul_forgotten_temple_becter,
          kennysheep_big_empty_room, uniq_pargi
D:5:      layout_loops_ring, minivault_11
D:6:      layout_loops_ring, minmay_temple_entry_statues_pillars, uniq_pikel,
          uniq_sigmund
D:7:      layout_layer_cave, serial_shops, nicolae_shop_hallway_plus,
          minmay_a_box_with_orc_wizards_in_it, uniq_joseph
D:8:      layout_rooms, general_overflow_altar,
          eino_small_chamber_without_monster, grunt_ministairs_11,
          nzn_life_drinkers
D:9:      layout_basic, okawaru_metal_pillars_3
D:10:     layout_small_grid, lair_entry_dummy, wad_hexagon
D:11:     layout_cave_pools, zombieorc2_lemuel, grunt_dithmenos_smoke,
          uniq_harold, uniq_sonja
D:12:     layout_basic, serial_shops, nicolae_stop_n_shop_2,
          nicolae_shop_crystal, shop, nicolae_shop_hallway_plus,
          nicolae_benzene_ring, bh_hangedman_babel_library, uniq_nessos
D:13:     layout_rooms, david_vaults_1, serial_curves, eino_curves_03,
          eino_curves_03, eino_curves_03, eino_curves_01, enter_trove_5
D:14:     layout_gridville, gammafunk_ghost_split, moated_statue, serial_shops,
          nicolae_shop_trees, chequers_decorated_corner, serial_bayou_pond_a,
          nicolae_qazlal_general_emergency
D:15:     gammafunk_depths_entry_grave, layout_cave_pools, serial_demonic,
          serial_demonic_a, serial_demonic_c, serial_demonic_c,
          serial_demonic_f, serial_demonic_b, serial_demonic_b,
          dreamdust_wishing_well
Temple:   hellmonk_temple_of_storms
Lair:1:   layout_loops_ring, minmay_holes, eino_small_chamber_without_monster,
          grunt_megastairs_3, infiniplex_staircase_pool_2, uniq_maggie
Lair:2:   layout_small_grid, minmay_swamp_entry_wisps, spider_nest_entry_rubble,
          lemuel_fruit_fields
Lair:3:   layout_gridlike, small_statue_intersection,
          chequers_serial_rivers_micro_b, grunt_megastairs_4,
          infiniplex_staircase_pool, lemuel_fruit_tree, uniq_urug, uniq_fannar,
          uniq_kirke
Lair:4:   layout_regular_city, wad_woods_road_06, grunt_megastairs_1
Lair:5:   minmay_lair_end_enchanted_forest, layout_regular_city,
          nicolae_slime_entry_slimehenge, gauntlet_entry_generic
Swamp:1:  layout_basic_swamp, evilmike_swamp_ruin_rubble_1
Swamp:2:  layout_basic_swamp, ebering_ghost_disaster_area,
          evilmike_swamp_ruin_house_6
Orc:1:    layout_caves, serial_shops, shop, nicolae_shop_statue_plus,
          nicolae_shop_behind_doors, nicolae_shop_advertising_works
          [nicolae_subvault_shop_adworks], nicolae_shop_waterfront, basic_altar
Orc:2:    hellmonk_orc_salted, layout_caves, rock_pile

Skill      XL: |  1  2  3  4  5  6  7  8  9 10 11 12 13 14 15 16 |
---------------+-------------------------------------------------+-----
Spellcasting   | 5 6 7 8 9 10 11 12 | 12.2
Invocations    | 1 2 3 4 5 6 7 8 9 10 11 12 | 12.2
Fighting       | 1 2 3 4 5 6 7 8 9 10 11 | 11.2
Short Blades   | 1 2 3 4 5 6 7 8 9 10 11 | 11.2
Long Blades    | 1 2 3 4 5 6 7 8 9 10 11 | 11.2
Axes           | 1 2 3 4 5 6 7 8 9 10 11 | 11.2
Maces & Flails | 1 2 3 4 5 6 7 8 9 10 11 | 11.2
Polearms       | 1 2 3 4 5 6 7 8 9 10 11 | 11.2
Staves         | 1 2 3 4 5 6 7 8 9 10 11 | 11.2
Ranged Weapons | 1 2 3 4 5 6 7 8 9 10 11 | 11.2
Throwing       | 1 2 3 4 5 6 7 8 9 10 11 | 11.2
Armour         | 1 2 3 4 5 6 7 8 9 10 11 | 11.2
Shields        | 1 2 3 4 5 6 7 8 9 10 11 | 11.2
Unarmed Combat | 1 2 3 4 5 6 7 8 9 10 11 | 11.2
Evocations     | 1 2 3 4 5 6 7 8 9 10 11 | 11.2
Hexes          | 1 2 3 4 5 6 7 8 9 |  9.4
Summonings     | 1 2 3 4 5 6 7 8 9 |  9.4
Necromancy     | 1 2 3 4 5 6 7 8 9 |  9.4
Translocations | 1 2 3 4 5 6 7 8 9 |  9.4
Transmutations | 1 2 3 4 5 6 7 8 9 |  9.4
Fire Magic     | 1 2 3 4 5 6 7 8 9 |  9.4
Ice Magic      | 1 2 3 4 5 6 7 8 9 |  9.4
Air Magic      | 1 2 3 4 5 6 7 8 9 |  9.4
Earth Magic    | 1 2 3 4 5 6 7 8 9 |  9.4
Poison Magic   | 1 2 3 4 5 6 7 8 9 |  9.4
Dodging        | 5 6 7 8 9 10 11 12 | 12.1
Stealth        | 5 6 7 8 9 10 11 | 11.9
Conjurations   | 8 9 10 11 | 11.8

Action                   |  1- 3 |  4- 6 |  7- 9 | 10-12 | 13-15 | 16-18 || total
-------------------------+-------+-------+-------+-------+-------+-------++-------
Melee: Dagger            |     5 |    15 |    24 |    24 |    31 |       ||    99
       Punch             |       |     1 |       |     2 |     6 |       ||     9
       Bite              |       |       |    10 |    27 |   152 |    18 ||   207
       Quarterstaff      |       |       |    16 |   187 |   237 |       ||   440
       Short sword       |       |       |       |     1 |   521 |    94 ||   616
       Spear             |       |       |       |       |   133 |       ||   133
Throw: Boomerang         |       |     3 |    12 |    36 |    23 |     2 ||    76
       Dart              |       |       |     5 |       |    10 |       ||    15
 Cast: Magic Dart        |    21 |     5 |     3 |       |       |       ||    29
       Searing Ray       |    13 |    44 |    36 |    27 |     7 |       ||   127
       Mephitic Cloud    |       |       |    20 |    49 |   102 |    12 ||   183
       Dazzling Flash    |       |       |     1 |     1 |    25 |    15 ||    42
       Ignite Poison     |       |       |     3 |    20 |    44 |     9 ||    76
       Fulminant Prism   |       |       |     3 |    37 |    48 |    16 ||   104
       Iskenderun's Myst |       |       |       |    14 |    39 |    16 ||    69
       Tukima's Dance    |       |       |       |       |    31 |     3 ||    34
       Passwall          |       |       |       |       |     2 |       ||     2
       Yara's Violent Un |       |       |       |       |       |     3 ||     3
Invok: Potion Petition   |       |       |       |       |       |     1 ||     1
Evoke: Wand              |       |       |     1 |       |     3 |       ||     4
  Use: Scroll            |       |       |     5 |    14 |    14 |     1 ||    34
       Potion            |       |       |       |       |     3 |     1 ||     4
 Stab: Sleeping          |     5 |    14 |     3 |     9 |    14 |       ||    45
       Confused          |       |       |     8 |    23 |    50 |     4 ||    85
       Distracted        |       |       |       |     4 |    10 |       ||    14
       Invisible         |       |       |       |     2 |    16 |    10 ||    28
Armor: Leather armour    |     1 |     8 |    14 |    16 |       |       ||    39
       Steam dragon scal |       |       |    10 |    21 |       |       ||    31
       Swamp dragon scal |       |       |       |     1 |    77 |    19 ||    97
       Ring mail         |       |       |       |       |    65 |     1 ||    66
Dodge: Dodged            |     5 |    21 |    58 |   137 |   309 |    67 ||   597
Block: Buckler           |       |       |       |       |   171 |    46 ||   217
